 Dungeon Crawl Stone Soup version 0.21-a0-531-gacddea6 (webtiles) character file.

263 tof the Slasher (level 5, -4/41 HPs)
             Began as a Demonspawn Gladiator on Dec 12, 2017.
             Slain by an ogre
             ... wielding a +0 giant spiked club
              (8 damage)
             ... on level 2 of the Dungeon.
             The game lasted 00:06:10 (4948 turns).

tof the Slasher (Demonspawn Gladiator)              Turns: 4948, Time: 00:06:11

Health: -4/41      AC: 14    Str: 14    XL:     5   Next: 98%
Magic:  0/5        EV: 12    Int: 10    God:
Gold:   143        SH:  0    Dex: 15    Spells: 4/4 levels left

rFire    . . .     SeeInvis .   x - +0 falchion (protect)
rCold    . . .     Gourm    .   (no shield)
rNeg     . . .     Faith    .   b - +0 leather armour
rPois    .         Spirit   +   u - +2 helmet
rElec    .         Reflect  .   (no cloak)
rCorr    .         Harm     .   k - +0 pair of gloves
MR       .....                  (no boots)
Stlth    +.........             (no amulet)
HPRegen  0.13/turn              (no ring)
MPRegen  0.09/turn              (no ring)

@: protection aura
A: magic shield
a: no special abilities


You were on level 2 of the Dungeon.
You were very hungry.

You visited 1 branch of the dungeon, and saw 4 of its levels.

You collected 143 gold pieces.

Inventory:

Hand Weapons
 a - a +0 long sword
 x - a +0 falchion of protection (weapon)
Missiles
 d - 3 throwing nets (quivered)
Armour
 b - a +0 leather armour (worn)
 c - a +0 helmet
 k - a +0 pair of gloves (worn)
 u - a +2 helmet (worn)
Jewellery
 y - an uncursed amulet of faith {unknown}
Scrolls
 e - a scroll of random uselessness {unknown}
 h - 2 scrolls of remove curse {unknown}
 j - a scroll of fear {unknown}
 l - a scroll of blinking {unknown}
 m - a scroll of enchant weapon {unknown}
 r - a scroll of teleportation {unknown}
 s - a scroll of identify {unknown}
Potions
 g - a potion of flight {unknown}
 n - a potion of haste {unknown}
 o - a potion of invisibility {unknown}
 p - a potion of heal wounds {unknown}
 t - a potion of curing {unknown}
 v - 2 potions of agility {unknown}
Comestibles
 f - 2 bread rations
 i - 4 meat rations
 q - 2 royal jellies
 w - 4 fruits


   Skills:
 + Level 3.2 Fighting
 * Level 4.4 Long Blades
 + Level 2.9 Throwing
 + Level 2.2 Armour
 - Level 2.6 Dodging


You had 4 spell levels left.
You didn't know any spells.

Dungeon Overview and Level Annotations

Branches:
Dungeon (4/15)
 Temple: D:4-7

Altars:
Cheibriados
Qazlal
Trog


Innate Abilities, Weirdness & Mutations

When hurt, damage is shared between your health and your magic reserves.


Message History

There is a stone staircase leading up here.
There is a stone staircase leading up here.
There is a stone staircase leading up here.
You are feeling very hungry.
There is a stone staircase leading up here.
There is a stone staircase leading up here.
Okay, then.
Okay, then.
You hit the ogre.
Your weapon exudes an aura of protection.
The ogre is heavily wounded.
The ogre barely misses you.
You hit the ogre.
The ogre is heavily wounded.
The ogre hits you with a giant spiked club!!
* * * LOW HITPOINT WARNING * * *
You slash the ogre!
The ogre is almost dead.
The ogre hits you with a giant spiked club!
You die...

#.# #.# #.# #.# #.# #.#
#.# #.# #.# #.# #.# #.#
############.###.###
#..................#
#.#######.....O@.#.# #.#
#.##.#####.# ##.#####
#.##.# #.# .......#
#.##.# #.# .....#.#
#.##.# ##.## ##.#.#.#
#.##.####...###### ###
#.#.#.#
#[##....<........###.##
#.#.#.#
#.#######...####.##.#.##
##.#.#.#
#.............##.#.#....


You could see an ogre.

Vanquished Creatures
  A howler monkey (D:2)
  2 worker ants (D:4)
  Robin (D:3)
  3 gnolls
  5 adders
  An ooze (D:3)
  2 worms
  2 dart slugs
  4 leopard geckos
  3 orcs
  5 bats
  4 giant cockroaches
  12 goblins
  6 hobgoblins
  5 jackals
  A quokka (D:2)
  7 frilled lizards
  6 kobolds
  5 rats
75 creatures vanquished.

Notes
Turn   | Place    | Note
-------+----------+-------------------------------------------
     0 | D:1      | tof the Demonspawn Gladiator began the quest for the Orb.
     0 | D:1      | Reached XP level 1. HP: 16/16 MP: 1/1
   613 | D:1      | Gained mutation: When hurt, damage is shared between your health and your magic reserves. [demonic ancestry]
   613 | D:1      | Reached XP level 2. HP: 21/22 MP: 2/2
   724 | D:1      | Reached skill level 3 in Long Blades
  1134 | D:1      | Reached XP level 3. HP: 12/28 MP: 1/3
  1335 | D:2      | Reached skill level 1 in Armour
  1789 | D:2      | Found a bloodstained altar of Trog.
  2071 | D:2      | Reached XP level 4. HP: 29/34 MP: 4/4
  2617 | D:3      | Noticed Robin
  3087 | D:3      | Found a snail-covered altar of Cheibriados.
  3324 | D:2      | Reached skill level 4 in Long Blades
  3324 | D:2      | Reached XP level 5. HP: 20/40 MP: 3/5
  3742 | D:3      | Killed Robin
  4423 | D:4      | Found a stormy altar of Qazlal.
  4423 | D:4      | Noticed an ogre
  4948 | D:2      | Slain by an ogre

Vault maps used:
D:1:      dpeg_arrival_rooms_with_view
D:2:      nicolae_overflow_crystal_walls
D:3:      old_standard_altar, uniq_robin
D:4:      old_standard_altar, minmay_temple_entry_glassed_door,
          columned_hall_lemuel

Skill      XL: |  1  2  3  4  5 |
---------------+----------------+-----
Long Blades    | 3 4 |  4.4
Throwing       | 2 |  2.9
Armour         | 1 2 |  2.2
Fighting       | 3 |  3.2
Dodging        | |  2.6

Action                   |  1- 3 |  4- 6 || total
-------------------------+-------+-------++-------
Melee: Long sword        |   100 |   152 ||   252
       Falchion          |       |    29 ||    29
 Stab: Sleeping          |     1 |       ||     1
  Eat: Chunk             |     3 |     9 ||    12
Armor: Leather armour    |    24 |    83 ||   107
Dodge: Dodged            |    78 |   171 ||   249
       Rpst.: Long sword |    20 |    54 ||    74
       Falchion          |       |     2 ||     2

Table legend:
 A = Spawn XP
 B = Non-spawn XP
 C = Spawn XP percentage of total XP
 D = Spawn monster count
 E = Non-spawn monster count
 F = Spawn count percentage of total count
 G = Total turns spent on level
                    A         B        C        D         E        F      G
               +---------+---------+-------+---------+---------+-------+---------
         Total |       0 |     377 |   0.0 |       0 |      75 |   0.0 |  4948
               +---------+---------+-------+---------+---------+-------+---------
           D:1 |       0 |      42 |   0.0 |       0 |      16 |   0.0 |  1402
           D:2 |       0 |     152 |   0.0 |       0 |      24 |   0.0 |  1808
           D:3 |       0 |      93 |   0.0 |       0 |      27 |   0.0 |  1277
           D:4 |       0 |      90 |   0.0 |       0 |       8 |   0.0 |   461
               +---------+---------+-------+---------+---------+-------+---------
